 Dungeon Crawl Stone Soup version 0.28-a0-919-g0b5b508569 (webtiles) character file.

Game seed: 14184426764356780633

1637 enile the Stinger (level 8, -19/60 HPs)
             Began as a Demonspawn Venom Mage on Nov 25, 2021.
             Was a Believer of Qazlal.
             Killed from afar by a wight (37 damage)
             ... with a bolt of acid
             ... on level 6 of the Dungeon.
             The game lasted 00:14:47 (4584 turns).

enile the Stinger (Demonspawn Venom Mage)           Turns: 4584, Time: 00:14:48

Health: -19/60     AC: 11    Str:  8    XL:     8   Next: 66%
Magic:  14/14      EV: 13    Int: 19    God:    Qazlal [**....]
Gold:   270        SH:  3    Dex: 14    Spells: 6/15 levels left

rFire   . . .      SeeInvis .   x - +3 dagger (speed)
rCold   . . .      Faith    .   (no shield)
rNeg    . . .      Spirit   .   a - +0 robe
rPois   .          Reflect  .   (no helmet)
rElec   .          Harm     .   (no cloak)
rCorr   .          Rampage  .   m - +2 pair of gloves
Will    .....                   (no boots)
Stlth   ++........              g - amulet of magic regeneration
HPRegen 0.20/turn               (no ring)
MPRegen 0.54/turn               (no ring)

@: sanguine armoured
A: claws 1, spiny 1, sanguine armour 1, demonic magic 1
a: Renounce Religion, Upheaval


You were on level 6 of the Dungeon.
You worshipped Qazlal.
Qazlal was pleased with you.
You visited 1 branch of the dungeon, and saw 6 of its levels.

You collected 320 gold pieces.
You spent 50 gold pieces at shops.

Inventory:

Hand Weapons
 c - a +0 long sword
 k - a +0 dagger of protection
 w - a +2 short sword of speed
 x - a +3 dagger of speed (weapon)
Missiles
 j - 6 poisoned darts
Armour
 a - a +0 robe (worn)
 m - a +2 pair of gloves (worn)
Jewellery
 g - an amulet of magic regeneration (around neck)
Wands
 i - a wand of paralysis (9)
 p - a wand of flame (15)
Scrolls
 d - a scroll of holy word {unknown}
 f - 6 scrolls of teleportation
 l - a scroll of magic mapping
 n - a scroll of torment {unknown}
 r - a scroll of blinking {unknown}
 s - 3 scrolls of enchant weapon {unknown}
 t - 2 scrolls of fear {unknown}
 v - a scroll of noise {unknown}
Potions
 b - 5 potions of curing {unknown}
 e - 2 potions of might {unknown}
 h - a potion of heal wounds {unknown}
 o - 2 potions of lignification {unknown}
 q - a potion of flight {unknown}
 u - 2 potions of degeneration {unknown}


   Skills:
 - Level 4.0 Fighting
 - Level 3.0 Short Blades
 + Level 3.2 Dodging
 - Level 3.0 Stealth
 - Level 4.0 Spellcasting
 - Level 3.0 Conjurations
 - Level 2.0 Hexes
 - Level 0.8 Transmutations
 - Level 2.0 Ice Magic
 - Level 3.0 Air Magic
 - Level 5.0 Poison Magic
 - Level 2.0 Invocations
 - Level 2.0 Evocations


You had 6 spell levels left.
You knew the following spells:

 Your Spells              Type           Power      Damage    Failure   Level
a - Sting                 Tmut/Pois      56%        1d5       4%          1
b - Poisonous Vapours     Pois/Air       38%        N/A       4%          2
c - Mephitic Cloud        Conj/Pois/Air  17%        N/A       9%          3
d - Slow                  Hex            44%        N/A       6%          1
e - Ensorcelled Hibernat  Hex/Ice        22%        N/A       9%          2

Your spell library contained the following spells:

 Spells                   Type           Power      Damage    Failure   Level
 Spider Form              Tmut/Pois      14%        N/A       12%         3
 Olgreb's Toxic Radiance  Pois           22%        N/A       17%         4
 Confusing Touch          Hex            11%        N/A       19%         3
 Ozocubu's Armour         Ice            11%        N/A       19%         3
 Vampiric Draining        Necr           3%         2d6       38%         3
 Leda's Liquefaction      Hex/Erth       3%         N/A       65%         4
 Metabolic Englaciation   Hex/Ice        5%         N/A       86%         5
 Lee's Rapid Deconstruct  Erth           1%         3d5*      98%         5
 Simulacrum               Ice/Necr       3%         N/A       100%        6
 Statue Form              Tmut/Erth      3%         N/A       100%        6


Dungeon Overview and Level Annotations

Branches:
Dungeon (6/15)             Temple (0/1) D:4

Altars:
Cheibriados
Dithmenos
Elyvilon
Gozag
Kikubaaqudgha
Okawaru
Qazlal
Uskayaw
Wu Jian
Yredelemnul

Shops:
D:1 *   D:2 *   D:3 ?


Innate Abilities, Weirdness & Mutations

You have sharp fingernails.
You are partially covered in sharp spines.
When seriously injured, your blood forms armour. (AC +6)
Spells you cast may paralyse adjacent enemies.


Message History

Things that are here:
a +0 falchion; a +0 robe
Casting: Sting (safe; 4% risk of failure)
Confirm with . or Enter, or press ? or * to list all spells.
You can't see any susceptible monsters within range! (Use Z to cast anyway.)
Casting: Sting (safe; 4% risk of failure)
Confirm with . or Enter, or press ? or * to list all spells.
You can't see any susceptible monsters within range! (Use Z to cast anyway.)
A bullfrog comes into view.
Casting: Sting (safe; 4% risk of failure)
Confirm with . or Enter, or press ? or * to list all spells.
Aiming: Sting (safe; 4% risk of failure)
Press: ? - help, Shift-Dir - straight line, f - bullfrog
Aim: a bullfrog (wandering, hasn't noticed you, 64% to hit)
The sting misses the bullfrog.
Malevolent energies surge around you.
The bullfrog gives a loud, deep croak!
Casting: Sting (safe; 4% risk of failure)
Confirm with . or Enter, or press ? or * to list all spells.
Aiming: Sting (safe; 4% risk of failure)
Press: ? - help, Shift-Dir - straight line, f/p - bullfrog
Aim: a bullfrog (64% to hit)
The sting hits the bullfrog.
The bullfrog is poisoned.
The bullfrog is lightly wounded.
Malevolent energies surge around you.
The bullfrog suddenly stops moving!
The bullfrog is engulfed in blazing flames.
A wight comes into view. It is wielding a +0 battleaxe.
The bullfrog is engulfed in blazing flames.
You kill the bullfrog!
Qazlal accepts your kill.
The wight zaps a wand.
The bolt of acid hits you!!!
Ouch! That really hurt!
* * * LOW HITPOINT WARNING * * *
Your blood congeals into armour.
A wight comes into view. It is wielding a +0 scimitar.
Training target 2.0 for Ice Magic reached!
Your Ice Magic skill increases to level 2!
You need to enable at least one skill for training.
The wight zaps a wand.
The bolt of acid hits you!!!
Ouch! That really hurt!
You die...

#.. #.. #..
#..## #...#
#..<##
##...## .
##...### ...
##..@.##.....
##...○......
#.........#
##.z....###
#.....##
##...## #...#
...z# ..z.#


You could see 2 wights.

Vanquished Creatures
  Pikel (D:4)
  Grinder (D:4)
  Duvessa (D:5)
  A black bear (D:4)
  A sky beast (D:6)
  A necrophage (D:4)
  A lemure (D:4)
  2 bullfrogs
  A scorpion (D:3)
  Dowan (D:5)
  A wight (D:6)
  A bullfrog zombie (D:6)
  2 hounds
  An iguana (D:4)
  2 orc wizards (D:5)
  A hound skeleton (D:5)
  Robin (D:4)
  A gnoll (D:1)
  4 adders
  A white imp (D:5)
  An ufetubus (D:4)
  3 dart slugs
  10 orcs
  6 ball pythons
  5 bats
  9 endoplasms
  5 giant cockroaches
  13 goblins
  11 hobgoblins
  7 jackals
  2 quokkas
  A frilled lizard (D:2)
  5 kobolds
  3 rats
107 creatures vanquished.

Notes
Turn   | Place    | Note
-------+----------+-------------------------------------------
     0 | D:1      | enile the Demonspawn Venom Mage began the quest for the
                  | Orb.
     0 | D:1      | Reached XP level 1. HP: 13/13 MP: 3/3
   133 | D:1      | Reached skill level 1 in Fighting
   202 | D:1      | Found Xomnib's General Store.
   320 | D:1      | Gained mutation: You are partially covered in sharp spines.
                  | [demonic ancestry]
   320 | D:1      | Reached XP level 2. HP: 22/22 MP: 1/5
   813 | D:1      | Reached XP level 3. HP: 27/27 MP: 4/6
  1019 | D:1      | Learned a level 2 spell: Poisonous Vapours
  1456 | D:2      | Found Kubio's General Store.
  1582 | D:2      | Learned a level 3 spell: Mephitic Cloud
  2277 | D:3      | Gained mutation: Spells you cast may paralyse adjacent
                  | enemies. [demonic ancestry]
  2277 | D:3      | Reached XP level 4. HP: 33/33 MP: 6/8
  2294 | D:3      | Found a faded altar of an unknown god.
  2302 | D:3      | Prayed at the altar of an unknown god.
  2302 | D:3      | Became a worshipper of Qazlal Stormbringer
  2302 | D:3      | Reached * piety under Qazlal
  2326 | D:3      | Found Moefofyc's Magic Scroll Emporium.
  2344 | D:3      | Bought a scroll of teleportation for 30 gold pieces
  2344 | D:3      | Bought a scroll of identify for 20 gold pieces
  2737 | D:3      | Reached skill level 4 in Poison Magic
  2844 | D:4      | Noticed a scorpion
  2845 | D:4      | Noticed Robin
  2859 | D:3      | Killed a scorpion
  2860 | D:3      | Gained mutation: You have sharp fingernails. [demonic
                  | ancestry]
  2860 | D:3      | Reached XP level 5. HP: 18/38 MP: 7/9
  3031 | D:4      | Killed Robin
  3032 | D:4      | Reached skill level 1 in Conjurations
  3090 | D:4      | Noticed a black bear
  3098 | D:4      | Killed a black bear
  3099 | D:4      | Reached XP level 6. HP: 44/44 MP: 10/10
  3102 | D:4      | Found a staircase to the Ecumenical Temple.
  3115 | D:4      | Reached ** piety under Qazlal
  3137 | D:4      | Noticed Grinder
  3148 | D:4      | Killed Grinder
  3235 | D:4      | Gained mutation: When seriously injured, your blood forms
                  | armour. (AC +6) [demonic ancestry]
  3235 | D:4      | Reached XP level 7. HP: 54/54 MP: 11/11
  3294 | D:4      | Reached skill level 1 in Evocations
  3516 | D:4      | Noticed Pikel
  3535 | D:4      | Killed Pikel
  3536 | D:4      | Reached XP level 8. HP: 57/60 MP: 7/13
  3729 | D:5      | Entered Level 5 of the Dungeon
  3882 | D:5      | Learned a level 1 spell: Slow
  4270 | D:5      | Found an iron altar of Okawaru.
  4270 | D:5      | Found an ancient bone altar of Kikubaaqudgha.
  4270 | D:5      | Found a snail-covered altar of Cheibriados.
  4272 | D:5      | Found a shadowy altar of Dithmenos.
  4272 | D:5      | Found a hide-covered altar of Uskayaw.
  4276 | D:5      | Reached skill level 1 in Hexes
  4291 | D:5      | Noticed Duvessa
  4296 | D:5      | Noticed Dowan
  4312 | D:5      | Killed Dowan
  4313 | D:5      | Reached skill level 1 in Invocations
  4338 | D:5      | Killed Duvessa
  4381 | D:5      | Learned a level 2 spell: Ensorcelled Hibernation
  4508 | D:5      | Found an ornate altar of the Wu Jian Council.
  4508 | D:5      | Found an opulent altar of Gozag.
  4508 | D:5      | Found a basalt altar of Yredelemnul.
  4557 | D:6      | Reached skill level 5 in Poison Magic
  4563 | D:6      | Reached skill level 1 in Ice Magic
  4584 | D:6      | Killed from afar by a wight

Illustrated notes

Levels and vault maps discovered:
D:1:      dpeg_arrival_pits, layout_basic, serial_shops, nicolae_shop_crystal,
          chequers_serial_rivers_large_a
D:2:      layout_loops_ring, serial_shops, shop, minmay_strange_pillars,
          minmay_misc_feat_pillars, lemuel_old_faithful
D:3:      layout_rooms, dreamdust_ecumenical_altar_angels_and_demons,
          serial_shops, nicolae_shop_waterfront, kennysheep_generic_room_4
D:4:      layout_basic, minmay_temple_entry_overgrown, minmay_misc_feat_chi,
          grunt_ministairs_8, uniq_robin, uniq_grinder, uniq_pikel
D:5:      layout_basic, nicolae_overflows_in_rows, serial_rivers,
          chequers_serial_rivers_room_b, chequers_serial_rivers_micro_e,
          chequers_serial_rivers_marsh, chequers_serial_rivers_marsh,
          chequers_serial_rivers_micro_c, minmay_between, uniq_duvessa
D:6:      layout_layer_cave, nicolae_fountain_basement

Skill      XL: |  1  2  3  4  5  6  7  8 |
---------------+-------------------------+-----
Fighting       | 1 2 4 |  4.0
Spellcasting   | 3 4 |  4.0
Poison Magic   | 4 5 |  5.0
Air Magic      | 2 3 |  3.0
Conjurations   | 2 3 |  3.0
Short Blades   | 2 3 |  3.0
Dodging        | 3 |  3.2
Evocations     | 2 |  2.0
Stealth        | 3 |  3.0
Hexes          | 2 |  2.0
Invocations    | 2 |  2.0
Ice Magic      | 2 |  2.0
Transmutations | |  0.8

Action                   |  1- 3 |  4- 6 |  7- 9 || total
-------------------------+-------+-------+-------++-------
Melee: Unarmed           |     9 |       |       ||     9
       Long sword        |    16 |       |       ||    16
       Dagger            |       |    51 |    83 ||   134
 Cast: Sting             |    48 |    32 |    49 ||   129
       Poisonous Vapours |     6 |    10 |     7 ||    23
       Mephitic Cloud    |       |     1 |     7 ||     8
       Slow              |       |       |     3 ||     3
       Ensorcelled Hiber |       |       |     3 ||     3
  Use: Scroll            |       |     1 |       ||     1
 Stab: Sleeping          |     1 |       |       ||     1
       Paralysed         |       |    11 |    11 ||    22
       Confused          |       |       |     4 ||     4
Armor: Robe              |     3 |    19 |    25 ||    47
Dodge: Dodged            |    28 |    27 |    30 ||    85
Block: Other             |       |     6 |     7 ||    13

Table legend: (Time is in decaauts)
 A = Elapsed time spent in this place.
 B = Non-inter-level travel time spent in this place.
 C = Inter-level travel time spent in this place.
 D = Time resting spent in this place.
 E = Time spent auto-exploring this place.
 F = Levels seen in this place.
 G = Mean time per level.
                   A        B        C        D        E       F      G
               +--------+--------+--------+--------+--------+-----+--------+
         Total |   4592 |   4441 |    151 |      3 |   3747 |   6 |  765.3 |
       Dungeon |   4592 |   4441 |    151 |      3 |   3747 |   6 |  765.3 |
               +--------+--------+--------+--------+--------+-----+--------+

Top non-repeatable levels by time:
     D:1: 1297 daAuts
     D:3: 931 daAuts
     D:5: 814 daAuts
     D:2: 811 daAuts
     D:4: 705 daAuts
     D:6: 32 daAuts
